 Dungeon Sprint DCSS version 0.31-a0-931-g7b59d4eb97 (webtiles) character file.

Game seed: 15514208765245759328

754 rocky1 the Grappler (level 10, -4/86 HPs)
             Began as a Demonspawn Shapeshifter on Oct 20, 2023.
             Was a High Priest of Qazlal.
             Slain by a catoblepas (33 damage)
             ... in the Dungeon (Sprint VI: "Thunderdome").
             The game lasted 00:07:09 (1145 turns).

rocky1 the Grappler (Demonspawn Shapeshifter)       Turns: 1145, Time: 00:07:10

Health: -4/86      AC:  2    Str: 19    XL:     10   Next: 38%
Magic:  17/18      EV: 20    Int: 16    God:    Qazlal [*****.]
Gold:   500        SH:  7    Dex: 18    Spells: 9/9 levels left

rFire   . .          .
                       - Unarmed
rCold   + + .        (no shield)
rNeg    . . .        a - +0 animal skin
rPois   +            (helmet currently unavailable)
rElec   +            (cloak currently unavailable)
rCorr   +            (gloves currently unavailable)
SInv    +            (boots currently unavailable)
Will    ++...        t - amulet "Wibibb" {rElec Will+ Regen+ Str+4 Stlth-}
Stlth   +            o - ring "Keicid" {+Blink rC+ Will+ rCorr}
HPRegen 1.14/turn    s - ring of Knowledge {rPois rC+ Dex+6 SInv}
MPRegen 0.16/turn

%: no teleportation, repel missiles
@: beast-form
A: beast (slay +4), hooves 1, repulsion field 1, foul stench 2, powered by death
2
}: 1/15 runes: decaying
a: Begin Untransformation, Renounce Religion, Evoke Blink, Upheaval, Elemental
Force, Disaster Area


You were in the Dungeon.
You worshipped Qazlal.
Qazlal was extremely pleased with you.
You were a hulking beast.
You visited 1 branch You collected 1050 gold pieces.
You spent 550 gold pieces at shops.

Inventory:

Armour
 a - a +0 animal skin (worn)
Jewellery
 o - the ring "Keicid" (left hand) {+Blink rC+ Will+ rCorr}
   (You bought it in a shop in the Dungeon)

   [ring of protection from cold]

   rC+:       It protects you from cold.
   Will+:     It increases your willpower.
   +Blink:    It lets you blink.
   rCorr:     It protects you from acid and corrosion.
 s - the ring of Knowledge (right hand) {rPois rC+ Dex+6 SInv}
   (You bought it in a shop in the Dungeon)

   [ring of dexterity]

   Dex+6:     It affects your dexterity (+6).
   rC+:       It protects you from cold.
   rPois:     It protects you from poison SInv: It lets you see invisible.
 t - the amulet "Wibibb" (around neck) {rElec Will+ Regen+ Str+4 Stlth-}
   (You bought it in a shop in the Dungeon)

   [amulet of regeneration]

   Str+4:     It affects your strength (+4).
   rElec:     It insulates you from electricity.
   Will+:     It increases your willpower.
   Regen+:    It increases your rate of health regeneration.
   Stlth-:    It makes you less stealthy.
Talismans
 c - a beast talisman (active)
 d - a flux talisman
 q - a maw talisman
Wands
 l - a wand of light (1) (quivered)
 m - a wand of roots (5)
 p - a wand of charming (6)
Scrolls
 j - 3 scrolls of blinking
 n - 3 scrolls of fog
Potions
 b - a potion of lignification
 e - a potion of curing
 f - 3 potions of heal wounds
 g - 4 potions of haste
 h - 2 potions of magic
 i - a potion of berserk rage
 k - a potion of resistance


   Skills:
 + Level 10.3 Fighting
 + Level 9.6 Dodging
 * Level 13.5 Unarmed Combat
 + Level 11.4 Invocations
 + Level 8.9 Shapeshifting


You had 9 spell levels left.
You didn't know any spells.
Your spell library was empty.

Dungeon Overview and Level Annotations

Branches:
Dungeon (1/1)

Altars:
Cheibriados
Dithmenos
Fedhas
Gozag
Kikubaaqudgha
Makhleb
Okawaru
Qazlal
Ru
Sif Muna
Trog
Uskayaw
Vehumet
Wu Jian
Xom
Yredelemnul
Lugonu

Shops:
D *[=??*?*:[((!!!!


Innate Abilities, Weirdness & Mutations

You are a hulking beast.
Your limbs bulge with bestial killing power. (Slay +4)
You have large cloven feet.
You are surrounded by a mild repulsion field. (EV +2)
You sometimes emit foul miasma when damaged in melee.
You regenerate health from kills.


Message History

You see here a blink frog corpse.
You start resting. 50...
A polar bear comes into view.
You see here a yak corpse.
You see here a yak corpse.
Your protection from physical attacks is fading.
The polar bear completely misses you. The polar bear misses you.
The polar bear claws you.
You emit a cloud of foul miasma!
A catoblepas comes into view.
The catoblepas bellows!
You punch the polar bear! You kick the polar bear.
Your punch misses the polar bear.
The polar bear is heavily wounded.
The polar bear is engulfed in dark miasma.
The polar bear is poisoned.
The polar bear misses you. The polar bear barely misses you.
The polar bear misses you.
You closely miss the polar bear. You kick the polar bear.
The polar bear is severely wounded.
The polar bear is engulfed in dark miasma.
The polar bear looks even sicker.
The polar bear seems to slow down.
The polar bear barely misses you. The polar bear misses you.
The polar bear claws you.
You punch the polar bear!
You kill the polar bear!
Qazlal accepts your kill.
You feel less protected from physical attacks.
You hit the catoblepas.
The catoblepas is lightly wounded.
The catoblepas is engulfed in freezing vapours.
The catoblepas closely misses you.
You punch the catoblepas!
The catoblepas is heavily wounded.
The catoblepas is engulfed in freezing vapours.
The catoblepas gores you!!
You hit the catoblepas. You kick the catoblepas.
The catoblepas is heavily wounded.
The catoblepas is engulfed in freezing vapours.
The catoblepas gores you!!
You die...

##∩.....∩## #∩.......∩#
#_......._# #_......._#
#_......._# ###.........###
#⌠..○........⌠#
######.8.°.○.....8.######
##∩___...☼hY###...[..__.∩##
###∩........8.# #.8........∩#
##........†.○.†###............
#⌠..........###...###.........
#⌠......)...# #.<.# #.........
#⌠.........[###..†###.........
##.............###............
###∩........8.# #.8........∩#
##∩___..[...###.......__∩##


You could see a catoblepas.

Vanquished Creatures
  An arcanist (D)
  An elephant (shapeshifter) (D)
  2 guardian serpents (shapeshifter) (D)
  A rime drake (D)
  A yaktaur (shapeshifter) (D)
  A komodo dragon (shapeshifter) (D)
  A polar bear (D)
  A blink frog (D)
  Sigmund (D)
  A jumping spider (shapeshifter) (D)
  2 yaks (D)
  A water moccasin (D)
  2 floating eyes (D)
  A bullfrog (D)
  6 vampire bats (D)
  3 jellies (D)
  Jessica (D)
  3 bats (D)
  2 endoplasms (D)
  2 giant cockroaches (D)
  A hobgoblin (D)
  A kobold (D)
36 creatures vanquished.

Notes
Turn   | Place    | Note
-------+----------+-------------------------------------------
     0 | D        | rocky1 the Demonspawn Shapeshifter began the quest for the
                  | Orb.
     0 | D        | Reached XP level 1. HP: 15/15 MP: 1/1
     3 | D        | Found a snail-covered altar of Cheibriados.
     3 | D        | Found an ancient bone altar of Kikubaaqudgha.
     4 | D        | Found an ornate altar of the Wu Jian Council.
     4 | D        | Found a shimmering altar of Xom.
     5 | D        | Round 1.
     6 | D        | Found Kutzuesi's Distillery.
     6 | D        | Found a blossoming altar of Fedhas.
     6 | D        | Found Ohelalatoar's Do-It-Yourself Clinic.
     6 | D        | Noticed Sigmund
     7 | D        | Found Weogoes's Distillery.
     7 | D        | Found Saeti's Bottled Wisdom.
    10 | D        | Killed Sigmund
    11 | D        | Reached skill level 6 in Unarmed Combat
    11 | D        | Gained mutation: You may rarely emit foul miasma when
                  | damaged in melee. [demonic ancestry]
    11 | D        | Reached XP level 2. HP: 26/26 MP: 2/2
    11 | D        | Gained mutation: You regenerate a little health from kills.
                  | [demonic ancestry]
    11 | D        | Reached XP level 3. HP: 31/31 MP: 3/3
    11 | D        | Gained mutation: You are surrounded by a mild repulsion
                  | field. (EV +2) [demonic ancestry]
    11 | D        | Reached XP level 4. HP: 38/38 MP: 4/4
    11 | D        | Gained mutation: You have large cloven feet. [demonic
                  | ancestry]
    11 | D        | Reached XP level 5. HP: 43/43 MP: 5/5
    21 | D        | Found an opulent altar of Gozag.
    23 | D        | Found Ewkiukhla's Staff Store.
    25 | D        | Found Vieniot's Must-Have Magic.
    25 | D        | Found Epomank's Magic Scroll Shop.
    26 | D        | Found a hide-covered altar of Uskayaw.
    26 | D        | Found a sacrificial altar of Ru.
    26 | D        | Found a bloodstained altar of Trog.
    26 | D        | Found Huosaloo's Magic Scroll Shop.
    31 | D        | Found a basalt altar of Yredelemnul.
    33 | D        | Found a corrupted altar of Lugonu.
    35 | D        | Found Astrisue's Timeless Talismans.
    37 | D        | Found Ovicelos's Jewellery.
    37 | D        | Found Uhuts's Advanced Armour.
    39 | D        | Found a burning altar of Makhleb.
    39 | D        | Found a stormy altar of Qazlal.
    39 | D        | Found Zurozog's Identification Station.
    43 | D        | Found a shimmering blue altar of Sif Muna.
    47 | D        | Became a worshipper of Qazlal Stormbringer
    98 | D        | Found a radiant altar of Vehumet.
   136 | D        | Found a shadowy altar of Dithmenos.
   138 | D        | Found Xaiqem Wilur's Premium Goods.
   139 | D        | Found Rufuopsu's Miscellaneous Merchandise.
   139 | D        | Found Deogunid's Basic Armour.
   146 | D        | Found Vuguif's Weapon Rack.
   146 | D        | Found an iron altar of Okawaru.
   177 | D        | Arena points: 5 (+5) [x1]
   192 | D        | Round 2.
   224 | D        | Reached * piety under Qazlal
   315 | D        | Noticed Jessica
   325 | D        | Killed Jessica
   326 | D        | Reached skill level 7 in Unarmed Combat
   326 | D        | Reached skill level 1 in Invocations
   354 | D        | Reached ** piety under Qazlal
   354 | D        | Arena points: 29 (+24) [x2]
   396 | D        | Round 3.
   409 | D        | Reached skill level 5 in Fighting
   409 | D        | Reached skill level 5 in Dodging
   409 | D        | Reached skill level 5 in Shapeshifting
   423 | D        | Reached XP level 6. HP: 50/51 MP: 6/8
   521 | D        | Reached *** piety under Qazlal
   522 | D        | Reached skill level 8 in Unarmed Combat
   530 | D        | Arena points: 92 (+63) [x3]
   596 | D        | Round 4.
   601 | D        | Reached **** piety under Qazlal
   602 | D        | Reached skill level 5 in Invocations
   727 | D        | Noticed a floating eye
   731 | D        | Paralysed by a floating eye for 2 turns
   734 | D        | Reached XP level 7. HP: 27/59 MP: 9/11
   738 | D        | Reached skill level 9 in Unarmed Combat
   776 | D        | Paralysed by a floating eye for 2 turns
   778 | D        | Reached ***** piety under Qazlal
   778 | D        | Arena points: 220 (+128) [x4]
   802 | D        | Round 5.
   814 | D        | Noticed a witch
   816 | D        | Noticed a four-headed hydra
   823 | D        | Killed a witch
   823 | D        | Arena points: 460 (+240) [x6]
   824 | D        | Reached skill level 10 in Unarmed Combat
   824 | D        | Reached XP level 8. HP: 68/68 MP: 5/13
   826 | D        | Got a decaying rune of Zot
   827 | D        | Reached skill level 11 in Unarmed Combat
   827 | D        | Gained mutation: You regenerate health from kills. [demonic
                  | ancestry]
   827 | D        | Reached XP level 9. HP: 75/75 MP: 6/15
   925 | D        | Bought a scorched jade ring for 45 gold pieces
   925 | D        | Identified the ring "Keicid" {+Blink rC+ Will+ rCorr} (You
                  | bought it in a shop in the Dungeon)
   925 | D        | Bought a brightly glowing lead ring for 45 gold pieces
   925 | D        | Identified the ring of the Middle {Fire rPois Will+ Str+3
                  | Stlth-} (You bought it in a shop in the Dungeon)
   925 | D        | Bought a glittering zirconium amulet for 45 gold pieces
   925 | D        | Identified the amulet of Beauty {Faith Will+ Dex+3} (You
                  | bought it in a shop in the Dungeon)
   926 | D        | Bought a shimmering granite ring for 45 gold pieces
   926 | D        | Identified the ring of Knowledge {rPois rC+ Dex+6 SInv}
                  | (You bought it in a shop in the Dungeon)
   926 | D        | Bought a slimy amethyst amulet for 45 gold pieces
   926 | D        | Identified the amulet "Wibibb" {rElec Will+ Regen+ Str+4
                  | Stlth-} (You bought it in a shop in the Dungeon)
   926 | D        | Bought a smoking glass ring for 45 gold pieces
   926 | D        | Identified the ring "Bixy" {*Corrode rF++ AC+4 Dex+2} (You
                  | bought it in a shop in the Dungeon)
   939 | D        | Bought a maw talisman for 280 gold pieces
  1004 | D        | Round 6.
  1004 | D        | a shapeshifter changed into a yaktaur
  1004 | D        | Noticed a yaktaur (shapeshifter)
  1005 | D        | Noticed a guardian serpent
  1007 | D        | Killed a guardian serpent
  1010 | D        | Killed a yaktaur
  1011 | D        | Reached skill level 12 in Unarmed Combat
  1017 | D        | Noticed a guardian serpent
  1017 | D        | Noticed a meliai
  1020 | D        | a meliai changed into a komodo dragon
  1020 | D        | Noticed a komodo dragon (shapeshifter)
  1032 | D        | Killed a guardian serpent
  1033 | D        | Reached skill level 10 in Invocations
  1033 | D        | Killed a komodo dragon
  1049 | D        | Gained mutation: You sometimes emit foul miasma when
                  | damaged in melee. [demonic ancestry]
  1049 | D        | Reached XP level 10. HP: 57/83 MP: 3/17
  1050 | D        | Noticed an elephant
  1062 | D        | Killed an elephant
  1067 | D        | Arena points: 754 (+294) [x7]
  1082 | D        | Round 7.
  1096 | D        | Reached skill level 13 in Unarmed Combat
  1101 | D        | Reached skill level 10 in Fighting
  1137 | D        | Noticed a catoblepas
  1145 | D        | Slain by a catoblepas

Illustrated notes

Levels and vault maps discovered:
D:        arena_sprint

Skill      XL: |  1  2  3  4  5  6  7  8  9 10 |
---------------+-------------------------------+-----
Fighting       | 4 5 6 8 9 10 | 10.3
Dodging        | 4 5 6 7 8 9 |  9.6
Unarmed Combat | 6 7 8 10 11 12 13 | 13.5
Shapeshifting  | 4 5 6 7 8 |  8.9
Invocations    | 3 5 7 8 10 11 | 11.4

Action                     |  1- 3 |  4- 6 |  7- 9 | 10-12 || total
---------------------------+-------+-------+-------+-------++-------
  Melee: Unarmed           |       |    47 |    25 |    33 ||   105
         Kick              |       |    16 |     6 |    16 ||    38
         Punch             |       |     1 |       |     2 ||     3
 Invoke: Upheaval          |       |       |     8 |       ||     8
  Evoke: Wand              |     3 |       |     1 |       ||     4
    Use: Scroll            |       |     1 |       |       ||     1
         Potion            |       |       |     2 |       ||     2
 Armour: Animal skin       |       |    20 |    13 |    16 ||    49
  Dodge: Dodged            |       |    29 |    14 |    16 ||    59
  Block: Other             |       |     5 |     4 |     4 ||    13

Table legend: (Time is in decaauts)
 A = Elapsed time spent in this place.
 B = Non-inter-level travel time spent in this place.
 C = Inter-level travel time spent in this place.
 D = Time resting spent in this place.
 E = Time spent auto-exploring this place.
 F = Levels seen in this place.
 G = Mean time per level.
                   A        B        C        D        E       F      G
               +--------+--------+--------+--------+--------+-----+--------+
         Total |   1125 |   1125 |      0 |    348 |     68 |   1 | 1125.0 |
       Dungeon |   1125 |   1125 |      0 |    348 |     68 |   1 | 1125.0 |
               +--------+--------+--------+--------+--------+-----+--------+

Top non-repeatable levels by time:
       D: 1125 daAuts
